 Dungeon Crawl Stone Soup version 0.29-a0-330-g52719c12eb (webtiles) character file.

Game seed: 11934789717478824215

707 kae the Firebug (level 7, -3/57 HPs)
             Began as a Demigod Fire Elementalist on Apr 22, 2022.
             Slain by a sky beast (4 damage)
             ... on level 5 of the Dungeon.
             The game lasted 00:03:00 (4617 turns).

kae the Firebug (Demigod Fire Elementalist)         Turns: 4617, Time: 00:03:01

Health: -3/57      AC:  3    Str:  9    XL:     7   Next: 16%
Magic:  13/15      EV: 12    Int: 31    God:
Gold:   129        SH:  0    Dex: 14    Spells: 3/12 levels left

rFire   . . .      SeeInvis .   c - +0 hand axe
rCold   x . .      Faith    .   (no shield)
rNeg    . . .      Spirit   .   a - +0 robe
rPois   .          Reflect  .   (no helmet)
rElec   .          Harm     .   f - +0 cloak of Dishonour {Rampage rC- rCorr Int+6}
rCorr   +          Rampage  +   (no gloves)
Will    .....                   (no boots)
Stlth   ++........              (no amulet)
HPRegen 0.19/turn               (no ring)
MPRegen 0.14/turn               (no ring)

@: no status effects
A: high MP 1, forlorn, divine attributes
a: no special abilities


You were on level 5 of the Dungeon.
You visited 1 branch of the dungeon, and saw 5 of its levels.

You collected 129 gold pieces.

Inventory:

Hand Weapons
 c - a +0 hand axe (weapon)
Armour
 a - a +0 robe (worn)
 f - the +0 cloak of Dishonour (worn) {Rampage rC- rCorr Int+6}
   (You found it on level 5 of the Dungeon)

   Int:       It affects your intelligence (+6).
   rC:        It makes you vulnerable to cold.
   rCorr:     It protects you from acid and corrosion.
   Rampage:   It bestows one free step when moving towards enemies.
Jewellery
 m - a ring of ice
Wands
 l - a wand of polymorph (11)
 n - a wand of iceblast (6)
Scrolls
 h - a scroll of fear
 k - a scroll of teleportation
 o - a scroll of blinking
Potions
 d - a potion of lignification
 e - a potion of curing
 g - a potion of resistance
 i - 2 potions of ambrosia
 j - a potion of mutation {unknown}


   Skills:
 + Level 3.0 Fighting
 - Level 1.7 Dodging
 - Level 1.7 Stealth
 + Level 3.4 Spellcasting
 + Level 3.3 Conjurations
 * Level 5.4 Fire Magic


You had 3 spell levels left.
You knew the following spells:

 Your Spells              Type           Power      Damage    Failure   Level
a - Foxfire               Conj/Fire      100%       2x1d9     1%          1
b - Scorch                Fire           76%        2d8       1%          2
c - Conjure Flame         Conj/Fire      32%        6-21      3%          3
d - Inner Flame           Hex/Fire       22%        N/A       6%          3

Your spell library contained the following spells:

 Spells                   Type           Power      Damage    Failure   Level
 Flame Wave               Conj/Fire      32%        2d8       11%         4
 Malign Gateway           Summ/Tloc      2%         N/A       100%        7
 Summon Horrible Things   Summ           2%         N/A       100%        8


Dungeon Overview and Level Annotations

Branches:
Dungeon (5/15)
 Temple: D:4-7

Shops:
D:2 *

Annotations:
D:4 Edmund


Innate Abilities, Weirdness & Mutations

You have an increased reservoir of magic. (+10% MP)
You shall have no god before yourself.
Your divine heritage dramatically boosts your attributes as you level up.


Message History

The orc priest hits you with a +0 club.
You're too confused to cast spells.
You're too confused to cast spells.
You're too confused to cast spells.
You feel better.
Something hits you. x2; Something shocks you.
The orc priest barely misses you.
Casting: Scorch (safe; 1% risk of failure)
Confirm with . or Enter, or press ? or * to list all spells.
Flames lash something.
Something barely misses you. Something hits you. Something shocks you.
* * * LOW HITPOINT WARNING * * *
The orc priest hits you with a +0 club.
* * * LOW HITPOINT WARNING * * *
You hear some strange, mumbled words.
A puff of flame appears from out of thin air!
The puff of flame misses you. Something completely misses you.
The orc priest hits you but does no damage.
Casting: Scorch (safe; 1% risk of failure)
Confirm with . or Enter, or press ? or * to list all spells.
Flames lash something.
Reactivating autopickup.
You feel a bit more experienced. The orc priest misses you.
Something barely misses you.
Your Fighting skill increases to level 3!
The orc priest barely misses you. Something hits you but does no damage.
Deactivating autopickup; reactivate with Ctrl-A.
Casting: Scorch (safe; 1% risk of failure)
Confirm with . or Enter, or press ? or * to list all spells.
You don't have enough magic to cast this spell.
Magic courses through your body. The orc priest hits you with a +0 club.
* * * LOW HITPOINT WARNING * * *
Something hits you but does no damage.
Casting: Scorch (safe; 1% risk of failure)
Confirm with . or Enter, or press ? or * to list all spells.
Flames lash the orc priest.
You kill the orc priest!
A sky beast appears from thin air!
Reactivating autopickup.
The sky beast hits you.
You die...

###.#.........# #
#.#...#.#####.###
..#...#.#.......#
.######.#.......#.#
.#... #.###.#####.#
......#.....# >#
##.#......### .#
#......#######.######
#....#.......@)......
######..###.#)Y#####.
#.....ยง#..#
#.######..# #.. #).#
### #..# ..>. ##).


You could see a sky beast.

Vanquished Creatures
  Grinder (D:4)
  A black bear (D:4)
  An ogre (D:5)
  A hound (D:5)
  An orc priest (D:5)
  A jelly (D:4)
  A gnoll shaman (D:4)
  2 orc wizards (D:5)
  5 gnolls
  6 adders
  A worm (D:2)
  3 dart slugs
  5 orcs
  6 bats
  4 endoplasms
  4 giant cockroaches
  11 goblins
  5 hobgoblins
  9 jackals
  6 kobolds
  2 quokkas
  4 ball pythons
  4 frilled lizards
  4 rats
88 creatures vanquished.

Vanquished Creatures (others)
  299 foxfires
299 creatures vanquished.

Grand Total: 387 creatures vanquished

Notes
Turn   | Place    | Note
-------+----------+-------------------------------------------
     0 | D:1      | kae the Demigod Fire Elementalist began the quest for the
                  | Orb.
     0 | D:1      | Reached XP level 1. HP: 14/14 MP: 5/5
    68 | D:1      | Reached skill level 1 in Conjurations
   196 | D:1      | Reached skill level 3 in Fire Magic
   196 | D:1      | Reached XP level 2. HP: 22/22 MP: 1/7
   291 | D:1      | Learned a level 2 spell: Scorch
   909 | D:1      | Reached XP level 3. HP: 12/27 MP: 4/8
  1183 | D:2      | Reached skill level 1 in Fighting
  1480 | D:2      | Found Duriqoah's Assorted Antiques.
  2336 | D:3      | Reached XP level 4. HP: 35/35 MP: 8/10
  3338 | D:4      | Noticed Grinder
  3585 | D:4      | Noticed Edmund
  3616 | D:4      | Killed Grinder
  3617 | D:4      | Reached skill level 4 in Fire Magic
  3617 | D:4      | Reached XP level 5. HP: 27/41 MP: 0/12
  3617 | D:4      | Reached XP level 6. HP: 32/48 MP: 0/13
  4123 | D:4      | Learned a level 3 spell: Conjure Flame
  4127 | D:4      | Learned a level 3 spell: Inner Flame
  4141 | D:4      | Reached skill level 5 in Fire Magic
  4305 | D:5      | Entered Level 5 of the Dungeon
  4310 | D:5      | Identified the +0 cloak of Dishonour {Rampage rC- rCorr
                  | Int+6}
  4421 | D:5      | Reached XP level 7. HP: 56/56 MP: 10/15
  4616 | D:5      | HP: 1/57 [orc priest/+0 club (6)]
  4617 | D:5      | Slain by a sky beast

Illustrated notes

Levels and vault maps discovered:
D:1:      dpeg_arrival_pond, layout_basic, st_stairs_1
D:2:      layout_loops_cross, serial_shops, shop, minmay_misc_feat_ornament
D:3:      layout_rooms, shapermc_ecumenical_altar_gd
D:4:      layout_basic, uniq_edmund, uniq_grinder, uniq_ijyb
D:5:      nicolae_cairo_tiling_large_dashed, layout_basic,
          minmay_temple_entry_waves, nrook_mini_backslash, minmay_manual_moon

Skill      XL: |  1  2  3  4  5  6  7 |
---------------+----------------------+-----
Conjurations   | 1 2 3 |  3.3
Spellcasting   | 2 3 |  3.4
Fire Magic     | 3 4 5 |  5.4
Fighting       | 1 2 3 |  3.0
Dodging        | |  1.7
Stealth        | |  1.7

Action                   |  1- 3 |  4- 6 |  7- 9 || total
-------------------------+-------+-------+-------++-------
Melee: Hand axe          |    13 |       |       ||    13
 Cast: Foxfire           |    82 |    74 |    15 ||   171
       Scorch            |     6 |    11 |     8 ||    25
       Conjure Flame     |       |     1 |       ||     1
  Use: Potion            |     1 |       |     2 ||     3
       Scroll            |     6 |     5 |       ||    11
Armor: Robe              |     9 |     6 |     8 ||    23
Dodge: Dodged            |    36 |    32 |    14 ||    82

Table legend: (Time is in decaauts)
 A = Elapsed time spent in this place.
 B = Non-inter-level travel time spent in this place.
 C = Inter-level travel time spent in this place.
 D = Time resting spent in this place.
 E = Time spent auto-exploring this place.
 F = Levels seen in this place.
 G = Mean time per level.
                   A        B        C        D        E       F      G
               +--------+--------+--------+--------+--------+-----+--------+
         Total |   4629 |   4553 |     76 |    199 |   3679 |   5 |  925.8 |
       Dungeon |   4629 |   4553 |     76 |    199 |   3679 |   5 |  925.8 |
               +--------+--------+--------+--------+--------+-----+--------+

Top non-repeatable levels by time:
     D:1: 1177 daAuts
     D:4: 1153 daAuts
     D:3: 1092 daAuts
     D:2: 893 daAuts
     D:5: 311 daAuts
